Map: Proxima Station LE

Players

Nerchio - Winner!

  • Race: Zerg Zerg
  • Spawn Location: 7:00

ParanOid

  • Race: Zerg Zerg
  • Spawn Location: 1:00

Event: IEM XI Katowice - World Championship 2017

VOD

Have the link to the VOD?

Description

Time

  • Played on: Feb. 28, 2017, 4:48 a.m.
  • Length: 9:44

All games in this series

Show
View Real Time Build Order
Export as new Build Order

Nerchio Zerg - Winner!

Build Orders: Hatch First 

Get SALT Encoding   

  12  0:00  Drone  
  13  0:12  Overlord  
  13  0:17  Drone  
  14  0:31  Drone x2  
  14  0:34  Drone  
  17  0:53  Hatchery  
  17  0:55  Drone  
  17  0:59  Drone  
  18  1:12  Spawning Pool  
  18  1:17  Drone  
  18  1:19  Drone  
  18  1:21  Extractor  
  18  1:28  Drone  
  19  1:41  Overlord  
  19  1:49  Drone  
  20  1:59  Queen  
  20  2:01  Zergling x2  
  23  2:06  Zergling x2, Queen  
  26  2:11  Drone  
  27  2:17  Drone  
  29  2:22  Drone  
  29  2:31  Drone  
  29  2:33  Drone  
  29  2:35  Queen  
  33  2:39  Overlord  
  33  2:45  Drone  
  34  2:56  Hatchery, Drone  
  34  2:58  Drone  
  34  3:00  Drone  
  34  3:05  Drone  
  37  3:06  Drone  
  37  3:07  Drone  
  39  3:14  Evolution Chamber  
  39  3:15  Drone  
  39  3:16  Drone  
  40  3:20  Overlord  
  40  3:28  Roach Warren  
  40  3:30  Drone  
  40  3:32  Drone  
  41  3:36  Overlord  
  41  3:38  Drone  
  41  3:41  Drone  
  43  3:43  Drone  
  43  3:47  Zerg Missile Weapons Level 1  
  44  3:50  Drone x2  
  44  3:54  Extractor  
  45  4:06  Lair  
  45  4:09  Extractor, Drone x6  
  50  4:11  Overlord  
  50  4:16  Drone  
  50  4:17  Drone x2  
  53  4:26  Roach x3  
  53  4:29  Roach  
  61  4:39  Drone x4  
  61  4:42  Overlord  
  65  4:53  Spine Crawler, Drone x7  
  65  4:56  Overlord  
  65  4:59  Overlord  
  71  5:03  Glial Reconstitution  
  71  5:05  Drone  
  71  5:06  Drone  
  74  5:07  Drone  
  74  5:08  Extractor, Drone  
  74  5:12  Overlord  
  74  5:19  Roach x4  
  82  5:22  Roach  
  82  5:27  Evolution Chamber  
  83  5:28  Drone  
  83  5:29  Drone x3  
  83  5:30  Extractor, Drone  
  83  5:31  Drone  
  83  5:34  Drone x2  
  88  5:41  Drone  
  88  5:42  Drone  
  90  5:43  Extractor  
  90  5:44  Zerg Missile Weapons Level 2  
  90  5:46  Infestation Pit, Roach x4  
  90  5:49  Drone x2  
  91  5:50  Drone  
  91  5:51  Roach x2  
  91  5:52  Roach  
  91  5:55  Roach  
  91  5:56  Ravager x3  
  91  5:57  Ravager  
  103  5:58  Roach  
  103  6:00  Overlord  
  103  6:02  Overlord  
  105  6:04  Overlord  
  105  6:06  Overlord  
  105  6:07  Roach  
  105  6:09  Roach  
  105  6:14  Overlord  
  105  6:16  Ravager  
  105  6:17  Zerg Ground Armor Level 1  
  106  6:20  Roach x3  
  106  6:21  Overlord  
  106  6:24  Roach  
  106  6:25  Roach  
  116  6:34  Infestor  
  116  6:35  Infestor  
  116  6:37  Ravager x2  
  116  6:38  Hatchery  
  121  6:40  Roach  
  121  6:41  Roach  
  121  6:43  Overseer  
  121  6:45  Roach x2  
  131  6:47  Roach  
  131  6:50  Ravager  
  132  6:55  Roach x4  
  140  7:03  Overlord  
  140  7:04  Drone x6  
  140  7:05  Extractor  
  145  7:08  Roach  
  145  7:09  Roach x2  
  151  7:21  Overlord x4, Burrow  
  151  7:24  Roach  
  153  7:31  Overlord  
  153  7:37  Overlord  
  153  7:40  Roach x6  
  165  7:44  Infestor  
  165  7:45  Roach  
  165  7:48  Ravager x4  
  165  7:51  Roach  
  175  7:55  Roach x2  
  175  7:57  Overseer  
  179  7:59  Queen  
  179  8:02  Roach x2  
  179  8:05  Roach  
  187  8:11  Pneumatized Carapace  
  172  8:21  Roach x2  
  172  8:24  Roach  
  172  8:25  Roach  
  158  8:27  Infestor, Roach x2  
  158  8:30  Roach  
  156  8:35  Roach  
  156  8:36  Roach x6  
  156  8:37  Roach x2  
  156  8:38  Ravager  
  156  8:39  Roach  
  156  8:41  Roach  
  177  8:42  Roach  
  177  8:43  Roach x2  
  177  8:44  Roach  
  183  8:50  Roach x2  
  183  8:51  Roach x3  
  193  8:55  Roach  
  193  8:56  Roach x2  
  193  8:58  Roach  
  193  8:59  Roach  
  191  9:05  Roach x2  
  191  9:06  Roach x2  
  191  9:07  Roach  
  191  9:09  Roach  
  189  9:11  Roach  
  189  9:13  Roach x2  
  189  9:15  Roach  
  181  9:17  Roach  
  181  9:18  Roach  
  181  9:20  Roach  
  181  9:21  Roach  
  181  9:23  Roach  
  176  9:28  Ravager  
  176  9:29  Ravager  
Show
View Real Time Build Order
Export as new Build Order

ParanOid Zerg 

Build Orders: Hatch First 

Get SALT Encoding   

  12  0:01  Drone  
  13  0:13  Overlord  
  13  0:18  Drone  
  14  0:32  Drone x2  
  16  0:36  Drone  
  17  0:54  Hatchery  
  17  0:55  Drone  
  17  1:00  Drone  
  18  1:10  Extractor  
  17  1:15  Spawning Pool  
  16  1:20  Drone  
  16  1:23  Drone  
  18  1:28  Drone  
  19  1:39  Overlord  
  19  1:53  Drone  
  20  2:01  Drone  
  20  2:02  Queen  
  20  2:05  Queen  
  20  2:06  Zergling x2  
  26  2:12  Drone  
  27  2:16  Drone  
  29  2:22  Drone  
  29  2:27  Drone  
  30  2:40  Hatchery  
  30  2:41  Drone x2  
  31  2:44  Queen  
  31  2:49  Drone  
  31  2:50  Overlord  
  34  2:55  Drone  
  35  3:03  Overlord  
  35  3:08  Drone  
  36  3:14  Drone  
  36  3:15  Drone x6  
  43  3:29  Drone  
  43  3:30  Lair  
  43  3:31  Drone  
  45  3:35  Extractor  
  45  3:37  Roach Warren, Evolution Chamber  
  43  3:41  Drone x2  
  43  3:44  Drone  
  43  3:46  Overlord  
  43  3:48  Drone x3  
  48  3:54  Drone x3  
  48  3:55  Drone  
  52  4:00  Overlord  
  52  4:01  Overlord  
  52  4:06  Overlord  
  52  4:11  Evolution Chamber  
  52  4:13  Queen  
  53  4:18  Zerg Missile Weapons Level 1  
  53  4:22  Drone x2  
  55  4:25  Drone  
  55  4:26  Drone x3  
  55  4:27  Drone  
  55  4:30  Glial Reconstitution, Extractor  
  59  4:32  Drone  
  59  4:34  Drone  
  59  4:35  Drone  
  59  4:38  Drone  
  63  4:39  Drone  
  63  4:45  Drone x2  
  65  4:47  Overlord x2  
  65  4:49  Drone  
  65  4:50  Extractor  
  66  4:52  Extractor  
  66  4:53  Extractor, Drone  
  66  4:59  Overlord  
  65  5:00  Drone x2  
  65  5:01  Drone  
  65  5:02  Drone  
  69  5:08  Drone  
  69  5:10  Drone x2  
  72  5:15  Roach  
  72  5:18  Roach x3  
  72  5:19  Roach  
  82  5:22  Roach  
  82  5:24  Roach  
  82  5:25  Roach  
  82  5:27  Roach x2  
  92  5:29  Infestation Pit  
  92  5:33  Roach x4  
  99  5:37  Roach  
  99  5:42  Drone x2  
  98  5:43  Drone  
  99  5:55  Overseer  
  99  5:59  Drone  
  99  6:00  Drone x2  
  99  6:02  Drone  
  103  6:05  Infestor  
  103  6:07  Overlord x3  
  105  6:14  Overlord  
  105  6:20  Hatchery  
  105  6:21  Overlord x2  
  104  6:26  Infestor x2  
  104  6:27  Zerg Missile Weapons Level 2  
  104  6:28  Zerg Ground Armor Level 1  
  108  6:33  Roach x3  
  108  6:34  Roach x3  
  108  6:38  Roach x2  
  124  6:40  Burrow  
  124  6:43  Roach x2  
  124  6:44  Roach  
  130  6:47  Overseer  
  130  6:49  Overlord x2  
  130  6:56  Roach x6  
  130  7:01  Roach x2  
  146  7:03  Overlord x3  
  146  7:14  Overlord x2  
  146  7:16  Overlord  
  146  7:28  Ravager x6  
  152  7:32  Queen  
  154  7:38  Roach x7  
  168  7:54  Roach x8  
  168  7:55  Roach x3  
  190  8:01  Roach x4  
  150  8:28  Roach x15  
  157  8:36  Roach  
  157  8:37  Roach x3  
  151  8:43  Roach  
  151  8:44  Roach x5  
  149  9:01  Roach x2  
  149  9:02  Roach x2  
  142  9:05  Roach x6  
  142  9:09  Roach  
  142  9:10  Roach  
  142  9:11  Roach  
  130  9:19  Roach x2  
  130  9:20  Roach  
  118  9:24  Roach x8  

Tags
 
Add a new tag
Caveats
  • Supply blocks, unpowered buildings, or Contaminate may cause inaccurate times.
  • Supply counts are checked every 10 seconds.